 Dungeon Crawl Stone Soup version 0.30-a0-702-gdf48620a09 (webtiles) character file.

Game seed: 12481165328647990225

357 avis the Shooter (level 6, -4/51 HPs)
             Began as a Demigod Hunter on Jan 22, 2023.
             Slain by a gnoll
             ... wielding a +0 spear
              (6 damage)
             ... on level 3 of the Dungeon.
             The game lasted 00:18:30 (3539 turns).

avis the Shooter (Demigod Hunter)                   Turns: 3539, Time: 00:18:30

Health: -4/51      AC:  4    Str: 12    XL:     6   Next: 14%
Magic:  8/8        EV: 13    Int: 11    God:
Gold:   165        SH:  0    Dex: 25    Spells: 5/5 levels left

rFire   . . .      SeeInvis .    a - +2 flail (heavy)
rCold   . . .      Faith    .    (no shield)
rNeg    . . .      Spirit   .    c - +0 leather armour
rPois   .          Reflect  .    l - +0 helmet
rElec   .          Harm     .    (no cloak)
rCorr   +          Rampage  .    (no gloves)
Will    +....                    (no boots)
Stlth   +                        t - amulet of the acrobat
HPRegen 0.28/turn                m - ring of willpower
MPRegen 0.11/turn                F - ring of resist corrosion

@: confused, ambrosia-drunk, weakened, hasted, very quick
A: high MP 1, forlorn, divine attributes
a: no special abilities


You were on level 3 of the Dungeon.
You visited 1 branch of the dungeon, and saw 4 of its levels.

You collected 165 gold pieces.

Inventory:

Hand Weapons
 a - a +2 heavy flail (weapon)
 b - a +4 sling
 v - a +1 dagger of pain
 w - a +0 shortbow
 y - a +3 club
 C - a +0 falchion
Missiles
 D - 2 boomerangs
Armour
 c - a +0 leather armour (worn)
 h - a +1 scale mail of poison resistance
 l - a +0 helmet (worn)
 A - a +4 chain mail of cold resistance
Jewellery
 m - a ring of willpower (left hand)
 t - an amulet of the acrobat (around neck)
 F - a ring of resist corrosion (right hand)
 G - a +6 ring of intelligence
Wands
 o - a wand of polymorph (14)
 x - a wand of paralysis (7)
 z - a wand of quicksilver (4)
Scrolls
 d - 4 scrolls of teleportation
 e - 2 scrolls of immolation
 j - a scroll of fear {unknown}
 p - 2 scrolls of poison {unknown}
 q - a scroll of enchant weapon {unknown}
 u - a scroll of enchant armour {unknown}
 B - a scroll of noise {unknown}
 E - a scroll of magic mapping {unknown}
Potions
 i - a potion of resistance
 n - a potion of flight
 r - a potion of attraction {unknown}
 s - a potion of haste


   Skills:
 - Level 3.0 Fighting
 * Level 5.8 Ranged Weapons
 - Level 3.0 Dodging
 - Level 2.0 Stealth


You had 5 spell levels left.
You didn't know any spells.
Your spell library contained the following spells:

 Spells                   Type           Power      Damage    Failure   Level
 Tukima's Dance           Hex            0%         N/A       80%         3
 Passage of Golubria      Tloc           0%         N/A       99%         4
 Yara's Violent Unravell  Hex/Tmut       0%         3d3       100%        5


Dungeon Overview and Level Annotations

Branches:
Dungeon (4/15)
 Temple: D:4-7

Shops:
D:1 *

Annotations:
D:3 1 transporter, flotson's ghost, amateur DsDe


Innate Abilities, Weirdness & Mutations

You have an increased reservoir of magic. (+10% MP)
You shall have no god before yourself.
Your divine heritage dramatically boosts your attributes as you level up.


Message History

The sling bullet barely misses the gnoll.
The gnoll hits you from afar with a +2 vampiric spear.
The gnoll bouda barely misses you.
Fire: b) +4 sling
Press: ? - help, Q - select action, (/) - cycle Shift-Dir - straight line, f/p - gnoll
Aim: a gnoll, wielding a +2 vampiric spear (covering ground quickly, 72% to hit)
You shoot a sling bullet.
The sling bullet hits the gnoll but does no damage.
The gnoll completely misses you.
The gnoll hits you from afar with a +2 vampiric spear.
The gnoll bouda hits you with a +0 club!
* * * LOW HITPOINT WARNING * * *
You feel better. The gnoll completely misses you.
The gnoll hits you from afar with a +2 vampiric spear.
* * * LOW HITPOINT WARNING * * *
The gnoll bouda barely misses you.
You feel yourself speed up. The gnoll closely misses you.
The gnoll barely misses you.
The gnoll bouda hits you with a +0 club.
* * * LOW HITPOINT WARNING * * *
You are confused.
You feel invigorated.
The gnoll hits you from afar with a +0 spear.
* * * LOW HITPOINT WARNING * * *
The gnoll hits you from afar with a +2 vampiric spear.
* * * LOW HITPOINT WARNING * * *
The gnoll bouda hits you with a +0 club.
* * * LOW HITPOINT WARNING * * *
a - a +2 heavy flail (weapon)
You bump into the stone wall.
The gnoll barely misses you. x2
The gnoll bouda gazes fiercely through you!
You feel your attacks grow feeble.
The gnoll bouda hits you with a +0 club!
* * * LOW HITPOINT WARNING * * *
You barely miss the gnoll bouda. The gnoll misses you.
The gnoll hits you from afar with a +2 vampiric spear.
* * * LOW HITPOINT WARNING * * *
The gnoll bouda closely misses you.
The gnoll hits you from afar with a +0 spear.
You die...

≈#...#.###.©.###.#...#≈≈.# #.#
≈#...###.#####©###...#≈≈.## #.#
≈###.......g.......###≈≈..####.##
≈.8#.##'###g######.#8.≈≈.........
≈.##.#...#.g8#[.$#.##.≈≈....##.##
~.#g.'.....©⌠#:.$'..#.~~....##...
≈.##.#...#..8#=..#.##.≈≈....####.
≈.8#.##'###'######g#8.≈≈....# ##
≈###.......ggggg@).###≈≈....#
≈#...###.#####g###...#≈≈.+#######
≈#...#.###.©.###.#...#≈≈.........
≈#####...........#####≈≈...#####.
≈≈≈≈≈≈≈≈≈≈≈~≈≈≈≈≈≈≈≈≈≈≈≈...# #.
≈≈≈≈≈≈≈≈≈≈≈~≈≈≈≈≈≈≈≈≈≈≈≈...# #.
.....).....................# #.
#######..###########.####..# #.
##....#######..####..# #.


You could see a gnoll bouda and 6 gnolls.

Vanquished Creatures
  A scorpion (D:4)
  A hound (D:3)
  Terence (D:3)
  Ijyb (D:3)
  An orc wizard (D:3)
  Robin (D:1)
  5 adders
  5 gnolls
  A dart slug (D:1)
  3 orcs (D:3)
  4 ball pythons
  10 endoplasms
  4 giant cockroaches
  15 goblins
  12 hobgoblins
  2 quokkas
  2 bats (D:1)
  5 frilled lizards
  6 kobolds
  6 rats
86 creatures vanquished.

Vanquished Creatures (others)
  24 plants
24 creatures vanquished.

Grand Total: 110 creatures vanquished

Notes
Turn   | Place    | Note
-------+----------+-------------------------------------------
     0 | D:1      | avis the Demigod Hunter began the quest for the Orb.
     0 | D:1      | Reached XP level 1. HP: 17/17 MP: 3/3
   152 | D:1      | Reached skill level 1 in Stealth
   248 | D:1      | Reached XP level 2. HP: 24/24 MP: 4/4
   450 | D:1      | Found Biriodyxug's Assorted Antiques.
   962 | D:1      | Reached XP level 3. HP: 29/29 MP: 5/5
  1257 | D:2      | Noticed Robin
  1283 | D:1      | Killed Robin
  1458 | D:2      | Reached skill level 4 in Ranged Weapons
  1578 | D:2      | Reached XP level 4. HP: 36/36 MP: 6/6
  2243 | D:3      | Noticed Ijyb
  2256 | D:3      | Killed Ijyb
  2257 | D:3      | Reached XP level 5. HP: 29/45 MP: 7/7
  2421 | D:3      | Noticed Terence
  2434 | D:3      | Killed Terence
  2613 | D:3      | Found a transporter.
  2614 | D:3      | Found a transporter.
  2622 | D:3      | Noticed flotson's ghost (amateur DsDe)
  2655 | D:3      | Reached skill level 5 in Ranged Weapons
  3236 | D:4      | Reached XP level 6. HP: 12/51 MP: 8/8
  3538 | D:3      | HP: 1/51 [gnoll bouda/+0 club (7)]
  3539 | D:3      | Slain by a gnoll

Illustrated notes

Levels and vault maps discovered:
D:1:      dpeg_arrival_round_c, layout_loops_ring, serial_shops, shop,
          serial_bayou_pond_c
D:2:      layout_rooms, minmay_circle_x, uniq_robin
D:3:      layout_basic, gammafunk_ghost_gnarly_gnolls, uniq_terence, uniq_ijyb
D:4:      layout_basic, minivault_25, hex_intersection

Skill      XL: |  1  2  3  4  5 |
---------------+----------------+-----
Stealth        | 1 2 |  2.0
Dodging        | 2 3 |  3.0
Fighting       | 2 3 |  3.0
Ranged Weapons | 4 5 |  5.8

Action                   |  1- 3 |  4- 6 || total
-------------------------+-------+-------++-------
Melee: Flail             |       |    10 ||    10
 Fire: Shortbow          |   127 |    64 ||   191
       Sling             |       |    58 ||    58
  Use: Scroll            |       |     5 ||     5
       Potion            |       |     3 ||     3
Armor: Leather armour    |    16 |    19 ||    35
Dodge: Dodged            |    36 |    80 ||   116

Table legend: (Time is in decaauts)
 A = Elapsed time spent in this place.
 B = Non-inter-level travel time spent in this place.
 C = Inter-level travel time spent in this place.
 D = Time resting spent in this place.
 E = Time spent auto-exploring this place.
 F = Levels seen in this place.
 G = Mean time per level.
                   A        B        C        D        E       F      G
               +--------+--------+--------+--------+--------+-----+--------+
         Total |   3636 |   3323 |    313 |   1000 |   1503 |   4 |  909.0 |
       Dungeon |   3636 |   3323 |    313 |   1000 |   1503 |   4 |  909.0 |
               +--------+--------+--------+--------+--------+-----+--------+

Top non-repeatable levels by time:
     D:1: 1466 daAuts
     D:3: 1210 daAuts
     D:2: 848 daAuts
     D:4: 112 daAuts
